 Dungeon Crawl Stone Soup version 0.23-a0-635-g88ca12a7de (webtiles) character file.

925 GordonOverkill the Chopper (level 7, -5/58 HPs)
             Began as a Demigod Wanderer on Dec 27, 2018.
             Slain by a wyvern (12 damage)
             ... on level 6 of the Dungeon.
             The game lasted 00:10:32 (6201 turns).

GordonOverkill the Chopper (Demigod Wanderer)       Turns: 6201, Time: 00:10:33

Health: -5/58      AC:  9    Str: 18    XL:     7   Next: 54%
Magic:  14/14      EV:  7    Int: 17    God:
Gold:   185        SH:  0    Dex: 15    Spells: 11/11 levels left

rFire    . . .     SeeInvis .   a - +1 hand axe (freeze)
rCold    . . .     Gourm    .   (no shield)
rNeg     . . .     Faith    .   g - +0 chain mail
rPois    .         Spirit   .   (no helmet)
rElec    .         Reflect  .   (no cloak)
rCorr    +         Harm     .   (no gloves)
MR       .....                  (no boots)
Stlth    ..........             (no amulet)
HPRegen  0.19/turn              h - ring of stealth
MPRegen  0.14/turn              i - ring of resist corrosion

@: no status effects
A: high mp 1
a: no special abilities


You were on level 6 of the Dungeon.
You were not hungry.

You visited 1 branch of the dungeon, and saw 6 of its levels.

You collected 185 gold pieces.

Inventory:

Hand Weapons
 a - a +1 hand axe of freezing (weapon)
 r - a +0 war axe
Armour
 g - a +0 chain mail (worn)
Jewellery
 b - an uncursed ring of fire
 h - a ring of stealth (left hand)
 i - a ring of resist corrosion (right hand)
Wands
 p - a wand of iceblast (9)
Scrolls
 d - a scroll of enchant weapon {unknown}
 e - a scroll of teleportation
 l - 4 scrolls of remove curse
 q - 2 scrolls of fear
 u - a scroll of brand weapon {unknown}
 v - a scroll of random uselessness {unknown}
Potions
 c - 2 potions of lignification
 j - a potion of ambrosia
 k - a potion of curing
 m - a potion of haste
 s - a potion of flight
 t - a potion of agility
Comestibles
 f - 10 rations
 n - a chunk of flesh


   Skills:
 + Level 3.8 Fighting
 * Level 5.7 Axes
 + Level 3.8 Armour
 - Level 1.7 Stealth
 - Level 2.6 Spellcasting
   Level 1.7 Summonings
   Level 2.6 Earth Magic


You had 11 spell levels left.
You didn't know any spells.
Your spell library contained the following spells:

 Spells                   Type           Power        Failure   Level  Hunger
 Sandblast                Erth           ##....       58%         1    #......
 Call Imp                 Summ           #.......     86%         2    ##.....
 Magic Dart               Conj           #...         92%         1    #......
 Blink                    Tloc           N/A          98%         2    ##.....
 Slow                     Hex            #.......     98%         2    ##.....
 Stone Arrow              Conj/Erth      #.....       98%         3    ###....
 Conjure Flame            Conj/Fire      #.......     100%        3    ###....
 Mephitic Cloud           Conj/Pois/Air  #.......     100%        3    ###....


Dungeon Overview and Level Annotations

Branches:
Dungeon (6/15)             Temple (0/1) D:6

Shops:
D:5 *[


Innate Abilities, Weirdness & Mutations

You have an increased reservoir of magic. (+10% MP)


Message History

The wyvern is moderately wounded.
The wyvern bites you.
You hit the wyvern but do no damage.
The wyvern is moderately wounded.
The wyvern bites you! The wyvern barely misses you.
Your chain mail prevents you from hitting the wyvern.
The wyvern is moderately wounded.
The wyvern bites you but does no damage.
You hit the wyvern. You freeze the wyvern.
The wyvern is heavily wounded.
The wyvern closely misses you. The wyvern bites you!
You are too injured to fight recklessly!
You hit the wyvern. You freeze the wyvern.
The wyvern is severely wounded.
The wyvern bites you!
* * * LOW HITPOINT WARNING * * *
You hit the wyvern. You freeze the wyvern.
The wyvern is severely wounded.
The wyvern bites you!
You die...

##.##....#............#..
#........##.#####..####..
#....###.....# ##...##...
##.<.#####..####.........
##.....# #..# #..###.....
#......###..## #..........
#........#.## #..........
#..#####...##.##..........
##. ##@................ ##
#l.................
##.................
..........##......
.........###......
..........#.......#
...#..............#
...###.............#
##..#..........


You could see a wyvern.

Vanquished Creatures
  A wyvern (D:5)
  A centaur (D:5)
  A gnoll sergeant (D:5)
  2 vampire bats (D:3)
  A howler monkey (D:5)
  3 crimson imps (D:5)
  A hound (D:4)
  3 worker ants
  A hound skeleton (D:4)
  11 gnolls
  8 adders
  A shadow imp (D:5)
  An adder zombie (D:6)
  A worm (D:2)
  4 dart slugs
  6 leopard geckos
  3 orcs
  2 bat skeletons (D:3)
  2 bat zombies (D:3)
  5 giant cockroaches
  6 goblins
  8 hobgoblins
  4 jackals (D:3)
  7 kobolds
  5 quokkas
  A ball python (D:3)
  6 bats
  7 frilled lizards
  A jackal skeleton (D:5)
  A leopard gecko skeleton (D:5)
  2 leopard gecko zombies (D:6)
  2 quokka skeletons
  4 rats
112 creatures vanquished.

Notes
Turn   | Place    | Note
-------+----------+-------------------------------------------
     0 | D:1      | GordonOverkill the Demigod Wanderer began the quest for the
                  | Orb.
     0 | D:1      | GordonOverkill set off with the following items: a potion
                  | of lignification, a +0 robe, a +0 dagger, a ration; and the
                  | following spells available to memorise: Sandblast, Call
                  | Imp, Magic Dart, Blink, Slow, Stone Arrow, Conjure Flame,
                  | Mephitic Cloud
     0 | D:1      | Reached XP level 1. HP: 14/14 MP: 6/6
   230 | D:1      | Reached skill level 1 in Axes
   230 | D:1      | Reached XP level 2. HP: 18/22 MP: 8/8
   555 | D:1      | Reached skill level 1 in Fighting
   555 | D:1      | Reached skill level 1 in Armour
  1026 | D:2      | Reached XP level 3. HP: 28/28 MP: 9/9
  1325 | D:2      | Reached skill level 2 in Axes
  1591 | D:2      | Found a faded altar of an unknown god.
  1665 | D:2      | You fall through a shaft for 2 floors!
  1673 | D:4      | Reached XP level 4. HP: 28/35 MP: 10/10
  2336 | D:2      | Reached skill level 3 in Axes
  2390 | D:2      | Found a deep blue altar of Sif Muna.
  2806 | D:2      | Reached XP level 5. HP: 35/41 MP: 11/11
  3785 | D:3      | Found an ancient bone altar of Kikubaaqudgha.
  3806 | D:3      | Reached XP level 6. HP: 49/50 MP: 13/13
  4028 | D:4      | Reached skill level 4 in Axes
  4803 | D:5      | Entered Level 5 of the Dungeon
  5183 | D:5      | Noticed a wyvern
  5204 | D:5      | Killed a wyvern
  5204 | D:5      | Reached skill level 5 in Axes
  5204 | D:5      | Reached XP level 7. HP: 55/57 MP: 14/14
  5324 | D:5      | Found a white marble altar of Elyvilon.
  5370 | D:5      | Found Kuewnosi's Antique Armour Shop.
  5668 | D:5      | Found Ciennita's General Store.
  5748 | D:6      | Found a staircase to the Ecumenical Temple.
  6192 | D:6      | Noticed a wyvern
  6201 | D:6      | Slain by a wyvern

Vault maps used:
D:1:      minmay_arrival_stair_chambers
D:2:      nicolae_overflow_hidden_temple, chequers_ecumenical_altar_island,
          hangedman_decor_push, lightli_corner_chamber
D:3:      kennysheep_vampire_church
D:4:      first_ration
D:5:      serial_shops, shop, nicolae_shop_behind_doors, elyvilon_altar_3
D:6:      minmay_temple_entry_large_hall

Skill      XL: |  1  2  3  4  5  6 |
---------------+-------------------+-----
Axes           | 1 2 3 5 |  5.7
Fighting       | 1 2 3 |  3.8
Armour         | 1 2 3 |  3.8
Stealth        | |  1.7
Spellcasting   | |  2.6
Summonings     | |  1.7
Earth Magic    | |  2.6

Action                   |  1- 3 |  4- 6 |  7- 9 || total
-------------------------+-------+-------+-------++-------
Melee: Spear             |   126 |       |       ||   126
       Hand axe          |    15 |   254 |    80 ||   349
       Short sword       |    12 |       |       ||    12
  Use: Potion            |     1 |     1 |     1 ||     3
       Scroll            |       |     3 |     7 ||    10
  Eat: Chunk             |     3 |    10 |     1 ||    14
       Ration            |       |       |     1 ||     1
Armor: Chain mail        |    98 |   164 |    37 ||   299
       Skin              |     4 |    15 |       ||    19
Dodge: Dodged            |    36 |    86 |    34 ||   156

Table legend:
 A = Non-vault XP
 B = Vault XP
 C = Vault XP percentage of total XP
 D = Non-vault monster count
 E = Vault monster count
 F = Vault count percentage of total count
                 A         B        C        D         E       F
            +---------+---------+-------+---------+---------+-------
      Total |    1204 |     118 |   8.9 |     106 |       6 |   5.4
            +---------+---------+-------+---------+---------+-------
        D:1 |      47 |       0 |   0.0 |      24 |       0 |   0.0
        D:2 |     146 |       0 |   0.0 |      27 |       0 |   0.0
        D:3 |     111 |     118 |  51.5 |      21 |       6 |  22.2
        D:4 |     164 |       0 |   0.0 |      12 |       0 |   0.0
        D:5 |     696 |       0 |   0.0 |      16 |       0 |   0.0
        D:6 |      40 |       0 |   0.0 |       6 |       0 |   0.0
            +---------+---------+-------+---------+---------+-------
